 Dungeon Crawl Stone Soup version 0.29.0-4-gdea44cf6ec (webtiles) character file.

Game seed: 15936951362710626786

5 qw the Sneak (level 1, -5/14 HPs)
             Began as a Gargoyle Delver on Sept 10, 2022.
             Slain by a scorpion (7 damage)
             ... on level 3 of the Dungeon.
             The game lasted 00:00:03 (153 turns).

qw the Sneak (Gargoyle Delver)                       Turns: 153, Time: 00:00:04

Health: -5/14      AC:  5    Str: 15    XL:     1   Next: 80%
Magic:  1/1        EV: 11    Int: 10    God:
Gold:   0          SH:  0    Dex: 11    Spells: 0/0 levels left

rFire   . . .      SeeInvis .   Y - +0 hand axe
rCold   . . .      Faith    .   (no shield)
rNeg    + . .      Spirit   .   b - +0 leather armour
rPois   inf        Reflect  .   (no helmet)
rElec   +          Harm     .   (no cloak)
rCorr   .          Rampage  .   (no gloves)
Will    .....                   (no boots)
Stlth   +++.......              (no amulet)
HPRegen 0.04/turn               (no ring)
MPRegen 0.07/turn               (no ring)

@: about to teleport
A: sickness immunity, AC +2, negative energy resistance 1, electricity
resistance, torment resistance 1, petrification resistance
a: no special abilities


You were on level 3 of the Dungeon.
You visited 1 branch of the dungeon, and saw 3 of its levels.


Innate Abilities, Weirdness & Mutations

You are immune to sickness and miasma.
Your stone body is resilient. (AC +2)
You are immune to poison.
You resist negative energy. (rN+)
You are resistant to electric shocks. (rElec)
You are resistant to unholy torment.
You are immune to petrification.


   Skills:
 - Level 3.2 Fighting
 + Level 2.2 Axes
 - Level 1.5 Dodging
 - Level 5.4 Stealth


You couldn't memorise any spells.
You didn't know any spells.
Your spell library was empty.

Inventory:

Hand Weapons
 Y - a +0 hand axe (weapon)
Armour
 b - a +0 leather armour (worn)
Wands
 g - a wand of digging (3)
Scrolls
 a - a scroll of teleportation
Potions
 f - a potion of haste

Dungeon Overview and Level Annotations

Branches:
Dungeon (5/15)
 Temple: D:4-7

Altars:


Message History

Enter note:
(D) Dungeon
Where to? (* - list waypoints, Enter - D:4, ? - help)
What level of the Dungeon? (default 1, ? - help)
Found a pair of brightly glowing gloves.
There is a stone staircase leading up here.
You climb upwards.
Found a plate armour and 18 gold pieces.
Found a stone staircase leading up.
There is a stone staircase leading down here.
A scorpion is nearby!
Existing waypoints: (1) D:4 (2) D:5 Assign waypoint to what number? (0-9, D - delete waypoint) Waypoint 2 re-assigned from D:5 to D:3.
Enter note: You hit the scorpion.
The scorpion is lightly wounded.
The scorpion barely misses you.
You hit the scorpion.
The scorpion is heavily wounded.
The scorpion stings you. x2
You hit the scorpion but do no damage.
The scorpion is heavily wounded.
The scorpion barely misses you.
You hit the scorpion.
The scorpion is heavily wounded.
The scorpion stings you. The scorpion barely misses you.
151 ||| READING 2 scrolls of teleportation.
As you read the scroll of teleportation, it crumbles to dust.
You feel strangely unstable. The scorpion completely misses you.
You barely miss the scorpion.
The scorpion is heavily wounded.
The scorpion misses you.
You hit the scorpion but do no damage.
The scorpion is heavily wounded.
The scorpion stings you!
Ouch! That really hurt!
You die...

#########
#.......###
.##......... .
...........##.#
............. .
.........[.#..#
.......s.......
.......@.<...#
.........#...#
.........+ ...
.........# .
.$.......#
########.# ..
##


You could see a scorpion.

Vanquished Creatures
  An ufetubus (D:5)
1 creature vanquished.

Notes
Turn   | Place    | Note
-------+----------+-------------------------------------------
     0 | D:5      | qw the Gargoyle Delver began the quest for the Orb.
     0 | D:5      | Reached XP level 1. HP: 14/14 MP: 1/1
     0 | D:5      | 0 ||| qw: Version: 0.1-a-116-g5d60599
     0 | D:5      | 0 ||| qw: Game counter: 9071
     0 | D:5      | 0 ||| qw: Always use a shield: true
     0 | D:5      | 0 ||| qw: God list: Okawaru
     0 | D:5      | 0 ||| qw: Allow faded altars: false
     0 | D:5      | 0 ||| qw: Do Orc after D:15 true
     0 | D:5      | 0 ||| qw: Do second Lair branch before Depths: true
     0 | D:5      | 0 ||| qw: Lair rune preference: random
     0 | D:5      | 0 ||| qw: Plans: Normal
     0 | D:5      | 0 ||| PLANNING D:1-11
    41 | D:5      | 41 ||| READING 3 scrolls labelled ULOTWEQYBRI.
   124 | D:5      | 124 ||| DROPPING scroll of fog.
   125 | D:5      | 125 ||| DROPPING scroll of magic mapping.
   126 | D:5      | 126 ||| DROPPING scroll of fear.
   140 | D:3      | Noticed a scorpion
   150 | D:3      | HP: 2/14 [scorpion (3)]
   151 | D:3      | 151 ||| READING 2 scrolls of teleportation.
   153 | D:3      | Slain by a scorpion

Levels and vault maps discovered:
D:3:      layout_basic, amcnicky_altar_gilded, chequers_serial_rivers_marsh,
          fountainhead, uniq_pargi, uniq_natasha
D:4:      layout_layer_cave, gammafunk_ghost_mausoleum
D:5:      layout_layer_cave, biasface_ghost_orc_armoury, serial_shops,
          nicolae_shop_temple_entry_statues_fountains, corexii_checkpoint_a,
          grunt_ministairs_13, kennysheep_generic_room_3

Skill      XL: |  1 |
---------------+----+-----
Axes           | 2 |  2.2
Fighting       | |  3.2
Dodging        | |  1.5
Stealth        | |  5.4

Action                   || total
-------------------------++-------
Melee: Hand axe          ||    11
  Use: Scroll            ||     2
Dodge: Dodged            ||    17

Table legend:
 A = Non-vault XP
 B = Vault XP
 C = Vault XP percentage of total XP
 D = Non-vault monster count
 E = Vault monster count
 F = Vault count percentage of total count
                 A         B        C        D         E       F
            +---------+---------+-------+---------+---------+-------
      Total |       8 |       0 |   0.0 |       1 |       0 |   0.0
            +---------+---------+-------+---------+---------+-------
        D:5 |       8 |       0 |   0.0 |       1 |       0 |   0.0
            +---------+---------+-------+---------+---------+-------
